 Dungeon Crawl Stone Soup version 0.25-a0-834-g55863b0b92 (webtiles) character file.

Game seed: 14860325930291967824, levelgen mode: classic

90 Amnesiac the Cutter (level 4, -8/27 HPs)
             Began as a Deep Elf Fighter on Apr 22, 2020.
             Killed by divine providence
             ... invoked by an orc priest
              (13 damage)
             ... on level 3 of the Dungeon.
             The game lasted 00:02:32 (1689 turns).

Amnesiac the Cutter (Deep Elf Fighter)              Turns: 1689, Time: 00:02:33

Health: -8/27      AC:  6    Str: 14    XL:     4   Next: 32%
Magic:  6/6        EV:  6    Int: 13    God:
Gold:   162        SH:  8    Dex: 14    Spells: 3/3 levels left

rFire    . . .     SeeInvis .   a - +2 dagger (drain)
rCold    . . .     Gourm    .   c - +0 kite shield
rNeg     . . .     Faith    .   b - +0 scale mail
rPois    .         Spirit   .   (no helmet)
rElec    .         Reflect  .   (no cloak)
rCorr    .         Harm     .   (no gloves)
MR       .....                  (no boots)
Stlth    ..........             (no amulet)
HPRegen  0.09/turn              (no ring)
MPRegen  0.10/turn              (no ring)

@: no status effects
A: no striking features
a: no special abilities


You were on level 3 of the Dungeon.
You were not hungry.

You visited 1 branch of the dungeon, and saw 3 of its levels.

You collected 162 gold pieces.

Inventory:

Hand Weapons
 a - a +2 dagger of draining (weapon)
 h - a +2 dagger of speed
 n - a +2 short sword of protection
Armour
 b - a +0 scale mail (worn)
 c - a +0 kite shield (worn)
Scrolls
 e - 2 scrolls of remove curse {!r, unknown}
 g - a scroll of enchant armour {!r, unknown}
 i - a scroll of enchant weapon {!r, unknown}
 j - 2 scrolls of teleportation {!r, unknown}
 k - a scroll of identify {!r, unknown}
 m - a scroll of immolation {!r, unknown}
Potions
 d - a potion of might {!q}
 l - 2 potions of degeneration {!q, unknown}
 p - a potion of heal wounds {!q, unknown}
 q - a potion of brilliance {!q, unknown}
 r - 2 potions of curing {!q, unknown}
Comestibles
 f - 4 rations
 o - 5 chunks of flesh


   Skills:
 - Level 2.4 Fighting
 * Level 4.6 Short Blades
 - Level 2.4 Armour
 - Level 2.4 Shields


You had 3 spell levels left.
You didn't know any spells.
Your spell library was empty.

Dungeon Overview and Level Annotations

Branches:
Dungeon (3/15)

Altars:
Qazlal
Yredelemnul


Message History

No target in view!
No target in view!
No target in view!
No target in view!
No target in view!
Things that are here:
a cursed -3 dagger; a +0 leather armour
q - a bubbling emerald potion {!q}
r - 2 metallic emerald potions {!q} You now have 159 gold pieces (gained 9).
You now have 162 gold pieces (gained 3).
Eating one of 6 chunks of flesh.
You eat one of the 6 chunks of flesh.
This raw flesh tastes terrible.
An orc comes into view. It is wielding a +2 trident of venom.
The orc shouts!
You hear a shout!
You hear a bark!
You hear a shout!
You hear a bark!
An orc is nearby!
An orc is nearby!
The orc hits you from afar with a +2 trident of venom. 3 jackals, an orc and 3 orc priests come into view.
The jackal barks!
The orc priest shouts! x2
The orc barely misses you.
The orc priest casts a cantrip, but nothing happens.
Your shield and scale mail prevent you from hitting the orc.
You block the orc's attack.
You hit the orc. You drain the orc.
You kill the orc!
The jackal bites you but does no damage.
You hit the jackal. You drain the jackal.
The jackal is heavily wounded.
The jackal bites you. The jackal closely misses you.
You block the jackal's attack.
Your shield and scale mail prevent you from hitting the jackal.
The jackal is heavily wounded.
The jackal bites you but does no damage.
The orc priest calls down the wrath of Beogh upon you.
Beogh smites you!
* * * LOW HITPOINT WARNING * * *
The orc priest looks braver for a moment.
The jackal bites you but does no damage.
You are too injured to fight recklessly!
You are too injured to fight recklessly!
You are too injured to fight recklessly!
You are too injured to fight recklessly!
You are too injured to fight recklessly!
You are too injured to fight recklessly!
You are too injured to fight recklessly!
You are too injured to fight recklessly!
You are too injured to fight recklessly!
You are too injured to fight recklessly!
You are too injured to fight recklessly!
Unknown command.
The jackal bites you but does no damage.
You aren't carrying any items that you can evoke.
There are monsters nearby!
The jackal bites you but does no damage.
You block the jackal's attack. The jackal bites you.
* * * LOW HITPOINT WARNING * * *
The jackal bites you but does no damage.
The jackal bites you but does no damage.
The orc priest calls down the wrath of Beogh upon you.
Beogh smites you!
You die...

...#.#####...#
##...# #...##
#...... +....#
#...###
#....###
+.....
+......#
#.#####
#...##.# #.##
###.##.# ##..#
#....## ..o.#
########@#


o.oh# #.o.oh.h.# #.# #.#####..# #.#####.##.....# #.oo..oh##.##.##
##########.##.# #....# ###### You could see an orc priest, an orc and 2 jackals.

Vanquished Creatures
  2 adders (D:2)
  An ooze (D:1)
  3 dart slugs (D:1)
  2 leopard geckos
  4 orcs (D:3)
  3 giant cockroaches (D:1)
  8 hobgoblins
  8 kobolds
  2 quokkas (D:2)
  A ball python (D:2)
  6 bats
  4 frilled lizards
  3 goblins
  8 rats
55 creatures vanquished.

Notes
Turn   | Place    | Note
-------+----------+-------------------------------------------
     0 | D:1      | Amnesiac the Deep Elf Fighter began the quest for the Orb.
     0 | D:1      | Reached XP level 1. HP: 13/13 MP: 3/3
   241 | D:1      | Reached XP level 2. HP: 15/18 MP: 4/4
   273 | D:1      | Reached skill level 3 in Short Blades
   494 | D:1      | Reached XP level 3. HP: 16/22 MP: 5/5
   748 | D:2      | Found a basalt altar of Yredelemnul.
   796 | D:2      | Reached skill level 4 in Short Blades
   982 | D:2      | Reached XP level 4. HP: 12/27 MP: 6/6
  1318 | D:2      | Found a stormy altar of Qazlal.
  1689 | D:3      | Killed from afar by an orc priest

Levels and vault maps discovered:
D:1:      elethiomel_arrival_infinity_welcomes_careful_drivers,
          layout_loops_ring
D:2:      layout_basic, lemuel_coloured_pillars_altar, yredelemnul_altar_generic
D:3:      layout_basic, marbit_many_paths, lemuel_doored_altar, bloody_trog,
          minmay_randomly_rotated_circles

Skill      XL: |  1  2  3 |
---------------+----------+-----
Short Blades   | 3 4 |  4.6
Fighting       | |  2.4
Armour         | |  2.4
Shields        | |  2.4

Action                   |  1- 3 |  4- 6 || total
-------------------------+-------+-------++-------
Melee: Dagger            |   125 |    34 ||   159
       Rapier            |    12 |       ||    12
  Eat: Chunk             |       |     3 ||     3
Armor: Scale mail        |    54 |    11 ||    65
Dodge: Dodged            |    15 |     5 ||    20
Block: Kite shield       |    39 |    12 ||    51

Table legend:
 A = Non-vault XP
 B = Vault XP
 C = Vault XP percentage of total XP
 D = Non-vault monster count
 E = Vault monster count
 F = Vault count percentage of total count
                 A         B        C        D         E       F
            +---------+---------+-------+---------+---------+-------
      Total |     129 |       0 |   0.0 |      55 |       0 |   0.0
            +---------+---------+-------+---------+---------+-------
        D:1 |      55 |       0 |   0.0 |      26 |       0 |   0.0
        D:2 |      61 |       0 |   0.0 |      24 |       0 |   0.0
        D:3 |      13 |       0 |   0.0 |       5 |       0 |   0.0
            +---------+---------+-------+---------+---------+-------
